 Dungeon Crawl Stone Soup version 0.30-a0-758-gc2c871d025 (webtiles) character file.

Game seed: 13145227981735641729

507 Rrauwl the Trooper (level 7, 0/57 (61) HPs)
             Began as a Hill Orc Fighter on Feb 10, 2023.
             Slain by a wight
             ... wielding a +4 great sword
              (2 damage)
             ... on level 5 of the Dungeon.
             The game lasted 00:08:48 (3377 turns).

Rrauwl the Trooper (Hill Orc Fighter)               Turns: 3377, Time: 00:08:48

HP:   0/57 (61)     AC: 10    Str: 21    XL:     7   Next: 18%
MP:   7/7           EV:  9    Int:  8    God:
Gold: 1133          SH:  5    Dex: 10    Spells: 6/6 levels left

rFire   + . .      SeeInvis +    a - +0 war axe (drain)
rCold   . . .      Faith    .    c - +0 buckler
rNeg    + . .      Spirit   .    e - +3 scale mail {rF+}
rPois   .          Reflect  .    (no helmet)
rElec   .          Harm     .    (no cloak)
rCorr   .          Rampage  .    (no gloves)
Will    .....                    (no boots) Stlth
                                 (no amulet)
HPRegen 0.29/turn                l - ring of see invisible
MPRegen 0.10/turn                g - ring of positive energy

@: drained
A: no striking features
a: no special abilities


You were on level 5 of the Dungeon.
You visited 1 branch of the dungeon, and saw 5 of its levels.

You collected 1133 gold pieces.

Inventory:

Hand Weapons
 a - a +0 war axe of draining (weapon)
 b - a +1 war axe
Armour
 c - a +0 buckler (worn)
 e - a +3 scale mail of fire resistance (worn)
Jewellery
 g - a ring of positive energy (right hand)
 j - a ring of protection from cold
 l - a ring of see invisible (left hand)
Wands
 m - a wand of light (9)
Scrolls
 d - 2 scrolls of identify {unknown}
 f - 3 scrolls of enchant weapon
 h - a scroll of poison
 k - a scroll of vulnerability
Potions
 i - a potion of brilliance
 n - a potion of resistance
 o - a potion of degeneration {unknown}
 p - a potion of lignification


   Skills:
 + Level 5.6 Fighting
 + Level 5.5 Axes
 + Level 5.2 Armour
 + Level 5.1 Shields


You had 6 spell levels left.
You didn't know any spells.
Your spell library was empty.

Dungeon Overview and Level Annotations

Branches:
Dungeon (5/15)
 Temple: D:4-7

Altars:

Shops:
D:4 (


Message History

You barely miss the wight. The wight hits you but does no damage.
You barely miss the wight.
The wight hits you with a +4 spear of freezing!
You partially resist.
You feel drained. The wight freezes you.
The wight hits you with a +4 spear of freezing.
You partially resist.
You feel drained. The wight freezes you.
You hit the wight but do no damage. You block the wight's attack.
You slash the wight!
You destroy the wight!
You slash the wight!
The wight is heavily damaged.
You block the wight's attack.
The wight hits you with a +4 great sword!
You are too injured to fight recklessly!
You are too injured to fight recklessly!
You are too injured to fight recklessly!
You hit the wight but do no damage.
The wight is heavily damaged.
You block the wight's attack.
You hit the wight.
The wight is severely damaged.
The wight barely misses you.
You hit the wight.
The wight is almost destroyed.
The wight closely misses you.
You barely miss the wight.
The wight is almost destroyed.
The wight barely misses you. The wight closely misses you.
You barely miss the wight.
The wight is almost destroyed.
The wight hits you with a +4 great sword!
* * * LOW HITPOINT WARNING * * *
You partially resist.
You feel drained.
* * * LOW HITPOINT WARNING * * *
You hit the wight.
The wight is almost destroyed.
The wight hits you with a +4 great sword!
* * * LOW HITPOINT WARNING * * *
You partially resist.
You feel drained.
You die...

# ####. ######
#.....###.##.##
.........z@....#.#
#........###..##.#
#.........##.....#########
#..).....####............
##.........# ##...........
#......z.z.#.####.........
#.......z......##........#
.......<..........<.....#
.........................#


You could see a wight.

Vanquished Creatures
  A black bear (D:4)
  3 wights
  A howler monkey (D:4)
  Terence (D:2)
  2 iguanas (D:4)
  An orc wizard (D:3)
  A gnoll (D:1)
  3 adders
  A worm (D:3)
  2 dart slugs (D:2)
  5 orcs
  10 endoplasms
  A giant cockroach (D:2)
  6 goblins
  7 hobgoblins
  8 kobolds
  4 quokkas
  4 ball pythons
  4 bats
  4 frilled lizards
  6 rats
  A spectral kobold (D:3)
76 creatures vanquished.

Vanquished Creatures (others)
  5 plants (D:4)
5 creatures vanquished.

Grand Total: 81 creatures vanquished

Notes
Turn   | Place    | Note
-------+----------+-------------------------------------------
     0 | D:1      | Rrauwl the Hill Orc Fighter began the quest for the Orb.
     0 | D:1      | Reached XP level 1. HP: 19/19 MP: 1/1
   138 | D:1      | Reached XP level 2. HP: 8/27 MP: 2/2
   385 | D:1      | Reached XP level 3. HP: 31/33 MP: 3/3
  1200 | D:2      | Reached XP level 4. HP: 35/40 MP: 4/4
  1492 | D:2      | Noticed Terence
  1502 | D:2      | Killed Terence
  1768 | D:2      | Identified a scroll of acquirement
  1768 | D:2      | Acquired 863 gold pieces
  1927 | D:3      | Found a faded altar of an unknown god.
  1977 | D:3      | Reached XP level 5. HP: 43/47 MP: 5/5
  2012 | D:3      | Acquired a +0 war axe of draining
  2686 | D:4      | Reached XP level 6. HP: 54/55 MP: 6/6
  2714 | D:4      | Found Pugir's Antique Weapon Boutique.
  2838 | D:4      | Reached skill level 5 in Fighting
  3129 | D:4      | Noticed a black bear
  3135 | D:4      | Killed a black bear
  3136 | D:4      | Reached skill level 5 in Axes
  3302 | D:5      | Entered Level 5 of the Dungeon
  3311 | D:4      | Reached skill level 5 in Armour
  3366 | D:5      | Reached skill level 5 in Shields
  3366 | D:5      | Reached XP level 7. HP: 56/61 MP: 7/7
  3377 | D:5      | HP: 2/59 [wight/+4 great sword (13)]
  3377 | D:5      | Slain by a wight

Illustrated notes

Levels and vault maps discovered:
D:1:      lemuel_arrival_tunnels, layout_basic
D:2:      layout_loops_corners, dreamdust_wishing_well, uniq_terence
D:3:      layout_loops_ring, dreamdust_ecumenical_altar_drowned_temple,
          nicolae_titane
D:4:      layout_loops_cross, serial_shops, shop, corexii_checkpoint_a,
          serial_bayou_lake_a
D:5:      kennysheep_big_flooded_room, layout_cave_pools,
          kennysheep_slug_shrine, minmay_misc_feat_columns

Skill      XL: |  1  2  3  4  5  6 |
---------------+-------------------+-----
Axes           | 3 4 5 |  5.5
Fighting       | 4 5 |  5.6
Armour         | 4 5 |  5.2
Shields        | 4 5 |  5.1

Action                     |  1- 3 |  4- 6 |  7- 9 || total
---------------------------+-------+-------+-------++-------
  Melee: War axe           |   111 |   109 |    11 ||   231
    Use: Scroll            |       |     9 |       ||     9
         Potion            |       |     6 |       ||     6
   Stab: Invisible         |       |     1 |       ||     1
 Armour: Scale mail        |    41 |    32 |     1 ||    74
         Plate armour      |    13 |    13 |       ||    26
  Dodge: Dodged            |    51 |    52 |     4 ||   107
  Block: Buckler           |    24 |    24 |     3 ||    51

Table legend: (Time is in decaauts)
 A = Elapsed time spent in this place.
 B = Non-inter-level travel time spent in this place.
 C = Inter-level travel time spent in this place.
 D = Time resting spent in this place.
 E = Time spent auto-exploring this place.
 F = Levels seen in this place.
 G = Mean time per level.
                   A        B        C        D        E       F      G
               +--------+--------+--------+--------+--------+-----+--------+
         Total |   3498 |   3361 |    137 |     38 |   2673 |   5 |  699.6 |
       Dungeon |   3498 |   3361 |    137 |     38 |   2673 |   5 |  699.6 |
               +--------+--------+--------+--------+--------+-----+--------+

Top non-repeatable levels by time:
     D:2: 985 daAuts
     D:1: 975 daAuts
     D:4: 803 daAuts
     D:3: 692 daAuts
     D:5: 42 daAuts
